 Dungeon Crawl Stone Soup version 0.23.2-33-g5129a83184 (webtiles) character file.

Game seed: 2207091735291663679

8829 t4s4d4r the Martial Artist (level 11, -13/72 HPs)
             Began as an Octopode Transmuter on July 16, 2019.
             Was a Believer of Sif Muna.
             Mangled by a small abomination (15 damage)
             ... on level 2 of the Abyss.
             The game lasted 00:26:27 (14206 turns).

t4s4d4r the Martial Artist (Octopode Transmuter)   Turns: 14206, Time: 00:26:27

Health: -13/72     AC:  1    Str: 10      XL:     11   Next: 37%
Magic:  13/14      EV: 17    Int: 22      God:    Sif Muna [**....]
Gold:   223        SH:  0    Dex: 14 (15) Spells: 4/14 levels left

rFire    + . .     SeeInvis .     - Unarmed
rCold    + . .     Gourm    .   (no shield)
rNeg     . . .     Faith    .   (helmet restricted)
rPois    .         Spirit   .   (no amulet)
rElec    .         Reflect  .   d - ring of resist corrosion
rCorr    +         Harm     .   h - ring of protection from cold
MR       +....                  p - +3 ring of intelligence
Stlth    ++++......             u - +3 ring of dexterity
HPRegen  0.22/turn              x - ring of protection from magic
MPRegen  0.14/turn              K - ring of protection from fire
                                E - ring of wizardry
                                (no ring)

@: about to teleport, appendage, divine energy
A: almost no armour, stealthy swim, amphibious, 8 rings, constrict 8, tentacle
spike 3, camouflage 1, gelatinous body 1
a: End Transformation, Stop Divine Energy, Renounce Religion


You were on level 2 of the Abyss.
You worshipped Sif Muna.
Sif Muna was pleased with you.
You were not hungry.
One of your tentacles had a temporary spike.
You visited 1 branch of the dungeon, and saw 11 of its levels.
You visited the Abyss 1 time.

You collected 583 gold pieces.
You spent 360 gold pieces at shops.

Inventory:

Missiles
 a - 214 arrows
 e - 293 stones (quivered)
 G - a throwing net
Armour
 C - a +0 buckler
Magical Staves
 y - an uncursed staff of power
Jewellery
 d - a ring of resist corrosion (left tentacle)
 h - a ring of protection from cold (right tentacle)
 p - a +3 ring of intelligence (on tentacle)
 u - a +3 ring of dexterity (on tentacle)
 x - a ring of protection from magic (on tentacle)
 E - a ring of wizardry (on tentacle)
 H - the ring "Xiaholul" {*Tele rC++ Str+4}
   (You found it on level 9 of the Dungeon)

   [ring of teleportation]

   It may teleport you next to monsters.
   It affects your strength (+4).
   It greatly protects you from cold.
 K - a ring of protection from fire (on tentacle)
Wands
 s - a wand of disintegration (8)
 A - a wand of iceblast (15)
 L - a wand of paralysis (10)
Scrolls
 b - 6 scrolls of enchant weapon {unknown}
 f - 7 scrolls of remove curse
 g - a scroll of teleportation
 j - 2 scrolls of magic mapping
 l - 4 scrolls of amnesia
 m - a scroll of random uselessness {unknown}
 q - 2 scrolls of fear {unknown}
 r - 2 scrolls of immolation
 I - a scroll of fog {unknown}
Potions
 i - 2 potions of cancellation
 k - 2 potions of heal wounds
 n - 5 potions of curing
 o - 2 potions of lignification
 t - 2 potions of mutation
 v - 2 potions of agility
 w - a potion of haste {unknown}
 z - a potion of invisibility {unknown}
 B - a potion of might {unknown}
 D - 4 potions of flight
 F - a potion of ambrosia {unknown}
 J - 2 potions of resistance {unknown}
Comestibles
 c - 17 rations


   Skills:
 - Level 6.3 Fighting
 - Level 6.9 Dodging
 + Level 7.0 Stealth
 * Level 11.8 Unarmed Combat
 - Level 2.4 Spellcasting
 - Level 5.9 Transmutations
 - Level 2.8 Ice Magic
 - Level 4.2 Evocations


You had 4 spell levels left.
You knew the following spells:

 Your Spells              Type           Power        Failure   Level  Hunger
a - Beastly Appendage     Tmut           ####..       1%          1    None
b - Sticks to Snakes      Tmut           ####....     1%          2    ##.....
c - Spider Form           Tmut/Pois      ###.......   4%          3    ###....
d - Ice Form              Ice/Tmut       ###.....     9%          4    ####...

Your spell library contained the following spells:

 Spells                   Type           Power        Failure   Level  Hunger
 Sting                    Conj/Pois      #...         5%          1    None
 Summon Small Mammal      Summ           #...         5%          1    None
 Call Imp                 Summ           #.......     9%          2    ##.....
 Poisonous Vapours        Pois/Air       #.....       9%          2    ##.....
 Call Canine Familiar     Summ           #.......     16%         3    ###....
 Mephitic Cloud           Conj/Pois/Air  #.......     16%         3    ###....
 Summon Guardian Golem    Hex/Summ       #.......     16%         3    ###....
 Summon Ice Beast         Ice/Summ       #.......     28%         4    ####...
 Olgreb's Toxic Radiance  Pois           #.......     45%         4    ####...
 Summon Lightning Spire   Summ/Air       #.......     45%         4    ####...
 Blade Hands              Tmut           ####......   13%         5    ######.
 Venom Bolt               Conj/Pois      #.........   78%         5    ######.


Dungeon Overview and Level Annotations

Branches:
Dungeon (11/15)            Temple (0/1) D:7            Lair (0/6) D:10
    Orc: D:9-12

Altars:
Dithmenos
Nemelex Xobeh
Sif Muna
Uskayaw
Zin

Shops:
D:10 =

Annotations:
D:8 Joseph
D:9 1 runed translucent door, Statics's ghost, novice OpTm
D:10 exclusion: door


Innate Abilities, Weirdness & Mutations

You cannot wear most types of armour.
You are very stealthy in the water. (Stealth+)
You are amphibious.
You can wear up to eight rings at the same time.
You can use your tentacles to constrict eight enemies at once.
Your skin changes colour to match your surroundings (Stealth+).
Your rubbery body absorbs attacks. (AC +1, EV +1)
One of your tentacles bears a large vicious spike.


Message History

The small abomination hits you!!
You tentacle-slap the small abomination but do no damage.
The small abomination hits you!
Unknown command.
Found a ration.
The small abomination hits you!!
* * * LOW HITPOINT WARNING * * *
Found a ring of protection from cold.
The small abomination hits you.
* * * LOW HITPOINT WARNING * * *
As you read the scroll of teleportation, it crumbles to dust.
You feel strangely unstable.
You feel the power of the Abyss delaying your translocation!
The small abomination hits you!
* * * LOW HITPOINT WARNING * * *
You feel better. The small abomination hits you!
* * * LOW HITPOINT WARNING * * *
Unknown command.
The small abomination hits you!
You die...

#.........#..#
#....... .. X...
............# ..#
.....#####X###.#
.. #....#....# #
.. ...
#....#....#.# #
....#=...#.... ##
..8......#....#%
.......@.#.....##
...#....x####.##
#...........#
#...............#
#...........#.###
#......####....
#......# #.##.#
#......# ...##
#......# ##.#


You could see a small abomination.

Vanquished Creatures
  Erica (D:8)
  3 wizards (D:11)
  A freezing wraith (D:11)
  A troll (D:10)
  Prince Ribbit (D:9)
  A hippogriff (D:11)
  A spriggan (D:7)
  A wyvern (D:7)
  3 yaks
  Grum (D:8)
  A chaos spawn (Abyss:2)
  A water moccasin (D:11)
  A sky beast (D:6)
  An orc warrior (D:10)
  2 phantoms
  A necrophage (D:10)
  5 ogres
  5 wolves
  5 centaurs
  A big kobold (D:7)
  Blork the orc (D:4)
  9 bullfrogs
  A gnoll sergeant (D:9)
  3 scorpions
  A water moccasin skeleton (D:11)
  4 killer bees
  A howler monkey (D:6)
  An electric eel (D:10)
  2 crimson imps (D:6)
  A centaur zombie (D:11)
  4 bullfrog skeletons
  3 jellies
  2 orc priests (D:5)
  11 hounds
  2 centaur skeletons
  A gnoll shaman (D:8)
  2 iguanas
  6 worker ants
  8 orc wizards
  A killer bee zombie (D:10)
  A hound zombie (D:9)
  11 gnolls
  14 adders
  4 shadow imps
  An ooze (D:7)
  2 adder zombies
  3 worms (D:2)
  3 dart slugs
  2 leopard geckos
  25 orcs
  5 bats
  2 giant cockroaches
  6 hobgoblins
  7 jackals
  3 quokkas
  A ball python zombie (D:5)
  4 frilled lizards
  7 goblins
  14 kobolds
  A quokka skeleton (D:8)
  7 rats
224 creatures vanquished.

Vanquished Creatures (collateral kills)
  Psyche (D:9)
  A neqoxec (Abyss:2)
  An orc wizard (D:4)
  A bullfrog skeleton (D:4)
  An orc (D:4)
5 creatures vanquished.

Grand Total: 229 creatures vanquished

Notes
Turn   | Place    | Note
-------+----------+-------------------------------------------
     0 | D:1      | t4s4d4r the Octopode Transmuter began the quest for the
                  | Orb.
     0 | D:1      | Reached XP level 1. HP: 13/13 MP: 3/3
   244 | D:1      | Reached XP level 2. HP: 18/18 MP: 3/5
   291 | D:1      | Learned a level 2 spell: Sticks to Snakes
   906 | D:2      | Reached skill level 4 in Unarmed Combat
   906 | D:2      | Reached XP level 3. HP: 14/23 MP: 4/6
  1101 | D:2      | Reached XP level 4. HP: 19/28 MP: 5/7
  1496 | D:2      | Reached skill level 5 in Unarmed Combat
  1502 | D:2      | Learned a level 3 spell: Spider Form
  2311 | D:2      | Found a deep blue altar of Sif Muna.
  2528 | D:2      | Reached XP level 5. HP: 31/33 MP: 8/8
  2576 | D:2      | Became a worshipper of Sif Muna the Loreminder
  3108 | D:3      | Reached skill level 6 in Unarmed Combat
  3497 | D:3      | Reached XP level 6. HP: 24/39 MP: 9/9
  3730 | D:3      | Found a shadowy altar of Dithmenos.
  4353 | D:4      | Noticed Blork the orc
  4367 | D:4      | Killed Blork the orc
  4576 | D:4      | Noticed a phantom
  4579 | D:4      | Reached XP level 7. HP: 43/48 MP: 8/10
  4859 | D:4      | Reached skill level 5 in Fighting
  5432 | D:5      | Entered Level 5 of the Dungeon
  6180 | D:5      | Reached skill level 7 in Unarmed Combat
  6266 | D:5      | Reached XP level 8. HP: 35/55 MP: 11/11
  7107 | D:6      | Reached skill level 1 in Stealth
  7202 | D:6      | Reached skill level 8 in Unarmed Combat
  7937 | D:7      | Found a sparkling altar of Nemelex Xobeh.
  7971 | D:7      | Reached skill level 9 in Unarmed Combat
  8077 | D:6      | Learned a level 4 spell: Ice Form
  8311 | D:7      | Found a hide-covered altar of Uskayaw.
  8311 | D:7      | Found a glowing silver altar of Zin.
  8319 | D:7      | Found a sparkling altar of Nemelex Xobeh.
  8387 | D:7      | Found a staircase to the Ecumenical Temple.
  8625 | D:7      | Noticed a spriggan baker
  8631 | D:7      | Killed a spriggan baker
  8631 | D:7      | Reached skill level 5 in Stealth
  8631 | D:7      | Reached XP level 9. HP: 50/61 MP: 8/12
  8720 | D:8      | Reached * piety under Sif Muna
  8737 | D:8      | Noticed Joseph
  9263 | D:8      | Noticed Erica
  9276 | D:8      | Killed Erica
  9276 | D:8      | Reached skill level 5 in Dodging
  9423 | D:8      | Noticed Grum
  9523 | D:8      | Killed Grum
  9796 | D:8      | Noticed a red ugly thing
  9862 | D:9      | Noticed Psyche
  9871 | D:9      | Killed Psyche
  9871 | D:9      | Reached XP level 10. HP: 54/66 MP: 8/13
 10240 | D:9      | Got a clouded granite ring
 10241 | D:9      | Identified the ring "Xiaholul" {*Tele rC++ Str+4} (You
                  | found it on level 9 of the Dungeon)
 10769 | D:9      | Reached skill level 10 in Unarmed Combat
 10864 | D:9      | Found a runed translucent door.
 10864 | D:9      | Noticed Statics's ghost (novice OpTm)
 10926 | D:9      | Noticed Prince Ribbit
 10935 | D:9      | Killed Prince Ribbit
 11044 | D:10     | Entered Level 10 of the Dungeon
 11662 | D:10     | Noticed a vault guard
 12138 | D:10     | Found a staircase to the Lair.
 12731 | D:10     | Found Atwo's Jewellery Shoppe.
 12736 | D:10     | Bought an uncursed ring of wizardry for 360 gold pieces
 13057 | D:11     | Reached skill level 11 in Unarmed Combat
 13057 | D:11     | Reached skill level 1 in Ice Magic
 13201 | D:11     | Reached skill level 5 in Transmutations
 13252 | D:11     | Noticed a wizard
 13260 | D:11     | Noticed a wizard
 13262 | D:11     | Killed a wizard
 13262 | D:11     | Reached XP level 11. HP: 64/72 MP: 10/14
 13276 | D:11     | Killed a wizard
 13322 | D:11     | Noticed a wizard
 13804 | D:11     | Killed a wizard
 13804 | D:11     | Reached ** piety under Sif Muna
 13983 | D:11     | Noticed a wizard
 13988 | D:11     | Noticed a wizard
 13998 | D:11     | Noticed a wizard
 13999 | D:11     | Cast into level 2 of the Abyss (a wizard)
 14015 | Abyss:2  | Noticed a bone dragon
 14103 | Abyss:2  | Noticed a sun demon
 14204 | Abyss:2  | HP: 2/72 [small abomination (12)]
 14206 | Abyss:2  | Mangled by a small abomination

Skill      XL: |  1  2  3  4  5  6  7  8  9 10 11 |
---------------+----------------------------------+-----
Unarmed Combat | 4 5 6 7 9 11 | 11.8
Fighting       | 4 5 6 |  6.3
Transmutations | 3 4 5 |  5.9
Stealth        | 5 6 7 |  7.0
Dodging        | 6 |  6.9
Evocations     | 2 4 |  4.2
Ice Magic      | 2 |  2.8
Spellcasting   | |  2.4

Action                   |  1- 3 |  4- 6 |  7- 9 | 10-12 || total
-------------------------+-------+-------+-------+-------++-------
Melee: Unarmed           |    59 |   158 |   235 |   294 ||   746
       Kick              |     8 |    31 |    24 |    25 ||    88
       Constrict         |    17 |    42 |    34 |    24 ||   117
       Tentacles         |     4 |    29 |    24 |    25 ||    82
       Punch             |       |     4 |    15 |     7 ||    26
Throw: Stone             |       |       |     2 |     9 ||    11
 Cast: Beastly Appendage |     8 |    23 |    21 |    16 ||    68
       Spider Form       |       |     1 |    15 |    20 ||    36
       Sticks to Snakes  |       |       |     4 |     7 ||    11
Invok: Divine Energy     |       |       |     1 |       ||     1
 Abil: End Transformatio |       |       |       |     1 ||     1
Evoke: Wand              |       |       |       |     1 ||     1
  Use: Scroll            |       |     3 |     8 |     4 ||    15
       Potion            |       |       |       |     1 ||     1
 Stab: Sleeping          |       |     7 |     9 |     8 ||    24
       Distracted        |       |     1 |     1 |     3 ||     5
  Eat: Chunk             |     1 |    11 |    18 |     9 ||    39
       Ration            |       |       |     1 |     2 ||     3
Armor: Skin              |     9 |     4 |    10 |     7 ||    30
Dodge: Dodged            |    51 |    82 |   146 |   275 ||   554
